[Event "January 9 Late 2024"]
[Site "https://www.chess.com"]
[Date "2024.01.09"]
[Round "5"]
[White "Ezat, Mohamed"]
[Black "Estrada Nieto, Julian"]
[Result "1-0"]
[Board "106"]
[TimeControl "180+1"]
[WhiteFideId "10600906"]
[BlackFideId "5101018"]
[WhiteElo "2457"]
[BlackElo "2606"]
[WhiteTeam "EGY"]
[BlackTeam "ESP"]
[WhiteClock "0:00:42"]
[BlackClock "0:00:07"]

1. d4 d5 2. c4 dxc4 3. e3 Nf6 4. Bxc4 e6 5. Nf3 c5 6. O-O a6 7. Qe2 Nc6 8. Rd1 Qc7 9. Nc3 Be7 10. a3 O-O 11. d5 exd5 12. Bxd5 Rd8 13. h3 Bd6 14. e4 Ne5 15. Bg5 Nxf3+ 16. Qxf3 Bh2+ 17. Kh1 Be5 18. Bc4 Be6 19. Nd5 Bxd5 20. Bxd5 Rd6 21. Rac1 h6 22. Be3 Nxd5 23. exd5 b6 24. b4 c4 25. Qe4 Re8 26. Rxc4 Qd7 27. Qf3 Rd8 28. Rc2 Rxd5 29. Rxd5 Qxd5 30. Rd2 Qa8 31. Qxa8 Rxa8 32. Bxb6 Bf6 33. Kg1 Rc8 34. Bc5 a5 35. Kf1 Bc3 36. Rd3 axb4 37. Bxb4 Bxb4 38. axb4 Rc1+ 39. Ke2 Rb1 40. Rd4 Kf8 41. Kd3 Rb2 42. Rf4 Ke7 43. Kc4 g5 44. Rf3 Ke6 45. Kc5 Rc2+ 46. Kb6 Rb2 47. b5 f5 48. Kc6 Rc2+ 49. Kb7 f4 50. b6 Rb2 51. Kc7 Rc2+ 52. Kb8 Rb2 53. b7 h5 54. Rc3 g4 55. hxg4 hxg4 56. Kc7 Ke5 57. b8=Q Rxb8 58. Kxb8 Kd4 59. Ra3 f3 60. gxf3 1-0

[Event "January 9 Late 2024"]
[Site "https://www.chess.com"]
[Date "2024.01.09"]
[Round "5"]
[White "Koziol, Kamil"]
[Black "Pinheiro, Iung Alicio de O."]
[Result "0-1"]
[Board "107"]
[TimeControl "180+1"]
[WhiteFideId "1161555"]
[BlackFideId "2104350"]
[WhiteElo "2462"]
[BlackElo "2604"]
[WhiteTeam "POL"]
[BlackTeam "BRA"]
[WhiteClock "0:00:07"]
[BlackClock "0:00:16"]

1. e4 d6 2. d4 Nf6 3. Nc3 e5 4. Nf3 exd4 5. Nxd4 Be7 6. Be2 O-O 7. Be3 Re8 8. f3 Bf8 9. Qd2 c5 10. Nb3 Nc6 11. O-O-O Be6 12. g4 a5 13. Kb1 a4 14. Nc1 a3 15. b3 Qa5 16. h4 Rac8 17. h5 Nd4 18. g5 Nd7 19. g6 b5 20. f4 f5 21. gxh7+ Kh8 22. Rdg1 Nf6 23. e5 b4 24. exf6 bxc3 25. fxg7+ Bxg7 26. Qe1 Nxc2 27. Kxc2 c4 28. Qg3 cxb3+ 29. axb3 Rc7 30. h6 Bf6 31. Qg6 Rf8 32. Bd3 a2 33. Ne2 Qa3 34. Rb1 axb1=Q+ 35. Rxb1 Qa2+ 36. Kc1 c2 37. Qxf6+ Rxf6 38. Bd4 Qxb1+ 39. Kd2 c1=Q+ 40. Nxc1 Qxc1+ 41. Ke2 Bxb3 42. Kf2 Kxh7 43. Kg3 Qd2 44. Bxf6 0-1

[Event "January 9 Late 2024"]
[Site "https://www.chess.com"]
[Date "2024.01.09"]
[Round "5"]
[White "Garrido Diaz, Jose Antonio"]
[Black "Roberson, Peter T"]
[Result "1-0"]
[Board "108"]
[TimeControl "180+1"]
[WhiteFideId "24516252"]
[BlackFideId "412384"]
[WhiteElo "2451"]
[BlackElo "2593"]
[WhiteTeam "ESP"]
[BlackTeam "ENG"]
[WhiteClock "0:00:33"]
[BlackClock "0:00:04"]

1. d4 Nf6 2. c4 c5 3. e3 g6 4. Nf3 Bg7 5. Nc3 O-O 6. Be2 cxd4 7. exd4 d5 8. cxd5 Nxd5 9. O-O Nc6 10. Nxd5 Qxd5 11. Be3 Rd8 12. Qa4 Bd7 13. Bc4 Nxd4 14. Bxd5 Nxf3+ 15. Bxf3 Bxa4 16. Bxb7 Rab8 17. Bf3 Rxb2 18. Rac1 Bd4 19. Bxd4 Rxd4 20. Rc7 e6 21. Rxa7 Rxa2 22. Rc1 Bb3 23. Rxa2 Bxa2 24. g3 Kg7 25. Rc2 Bb3 26. Rb2 Bc4 27. Kg2 g5 28. h3 Kf6 29. Rb4 Ke5 30. Rb7 Kf6 31. g4 e5 32. Rb6+ Be6 33. Bb7 Kg7 34. Rb5 Kf6 35. Rb6 Rd7 36. Bc8 Re7 37. Ba6 Kg7 38. Bd3 h6 39. Be4 Bd7 40. Rb7 Kf6 41. Rb6+ Be6 42. Bf5 h5 43. Rd6 h4 44. Kf3 Re8 45. Rb6 Re7 46. Ra6 Re8 47. Rb6 Rd8 48. Ke3 Rd4 49. Bxe6 fxe6 50. Rb7 Ra4 51. Kf3 Ra3+ 52. Kg2 Rc3 53. Rh7 e4 54. Rh6+ Ke5 55. Rg6 Kf4 56. Rf6+ Ke5 57. Rg6 e3 58. fxe3 Ke4 59. Rxe6+ Kd3 60. Kf3 Rc2 61. Rd6+ Kc3 62. Rc6+ Kb3 63. Rxc2 Kxc2 64. Ke4 1-0

[Event "January 9 Late 2024"]
[Site "https://www.chess.com"]
[Date "2024.01.09"]
[Round "5"]
[White "Hamblok, Roel"]
[Black "Peycheva, Gergana"]
[Result "1-0"]
[Board "109"]
[TimeControl "180+1"]
[WhiteFideId "209317"]
[BlackFideId "2916711"]
[WhiteElo "2592"]
[BlackElo "2450"]
[WhiteTeam "BEL"]
[BlackTeam "BUL"]
[WhiteClock "0:00:05"]
[BlackClock "0:00:00"]

1. e4 c5 2. b4 cxb4 3. a3 bxa3 4. Nxa3 d6 5. d4 g6 6. Bd3 Bg7 7. c3 Nf6 8. f4 O-O 9. Nf3 b6 10. O-O Bb7 11. Qe1 Nbd7 12. e5 dxe5 13. fxe5 Ne8 14. Qh4 Nc5 15. Bc4 Ne4 16. Ng5 Nxg5 17. Bxg5 Nc7 18. Bxe7 Qd7 19. Bxf8 Rxf8 20. Rae1 Qa4 21. Qe7 Qc6 22. Bxf7+ Kh8 23. d5 Qxc3 24. Nb5 Nxb5 25. Qxb7 Bxe5 26. Be6 Bd4+ 27. Kh1 Rxf1+ 28. Rxf1 Bf6 29. Qf7 1-0

[Event "January 9 Late 2024"]
[Site "https://www.chess.com"]
[Date "2024.01.09"]
[Round "5"]
[White "Sliwicki, Damian"]
[Black "Golubev, Mikhail"]
[Result "1-0"]
[Board "110"]
[TimeControl "180+1"]
[WhiteFideId "1127128"]
[BlackFideId "14100983"]
[WhiteElo "2451"]
[BlackElo "2591"]
[WhiteTeam "POL"]
[BlackTeam "UKR"]
[WhiteClock "0:01:38"]
[BlackClock "0:00:00"]

1. e4 c5 2. Nf3 d6 3. d4 cxd4 4. Qxd4 Nf6 5. Bg5 Nc6 6. Bb5 Bd7 7. Bxc6 Bxc6 8. Nc3 e6 9. O-O-O Be7 10. Rhe1 O-O 11. Kb1 Qc7 12. h4 Rfc8 13. Qe3 b5 14. e5 dxe5 15. Nxe5 Be8 16. Rd2 b4 17. Ne4 Nd5 18. Qg3 f6 19. Bh6 Bd8 20. Nd6 Bg6 21. Nxg6 hxg6 22. Qxg6 Qd7 23. Rxd5 1-0

[Event "January 9 Late 2024"]
[Site "https://www.chess.com"]
[Date "2024.01.09"]
[Round "5"]
[White "Toktomushev, Teimur"]
[Black "Ozdemir, Serhan Berat"]
[Result "0-1"]
[Board "111"]
[TimeControl "180+1"]
[WhiteFideId "14176726"]
[BlackFideId "6374611"]
[WhiteElo "2448"]
[BlackElo "2588"]
[WhiteTeam "UKR"]
[BlackTeam "TUR"]
[WhiteClock "0:00:00"]
[BlackClock "0:00:03"]

1. d4 Nf6 2. c4 g6 3. Nc3 Bg7 4. e4 d6 5. f3 O-O 6. Be3 c5 7. Nge2 Nc6 8. d5 Ne5 9. Ng3 e6 10. Be2 exd5 11. cxd5 Bd7 12. O-O a6 13. a4 Rb8 14. a5 b5 15. axb6 Rxb6 16. Qc2 Bb5 17. Nxb5 axb5 18. b3 h5 19. Nh1 Re8 20. Nf2 Ned7 21. Bg5 Qc7 22. Ra5 Reb8 23. Rfa1 Nh7 24. Bd2 Bxa1 25. Rxa1 R6b7 26. f4 Ra7 27. Rf1 Rba8 28. Bxb5 Ra2 29. Qd3 Nhf6 30. Bc3 R8a3 31. e5 dxe5 32. d6 Qb6 33. fxe5 Rxb3 34. Bxd7 Nxd7 35. e6 Nf8 36. e7 Ra8 37. d7 Rxc3 38. Qxc3 Nxd7 39. Re1 Re8 40. Ne4 c4+ 41. Kh1 Qe6 0-1

[Event "January 9 Late 2024"]
[Site "https://www.chess.com"]
[Date "2024.01.09"]
[Round "5"]
[White "Womacka, Mathias"]
[Black "Joie, Sebastien"]
[Result "1-0"]
[Board "112"]
[TimeControl "180+1"]
[WhiteFideId "4611390"]
[BlackFideId "650420"]
[WhiteElo "2587"]
[BlackElo "2447"]
[WhiteTeam "GER"]
[BlackTeam "FRA"]
[WhiteClock "0:00:15"]
[BlackClock "0:00:00"]

1. e4 c5 2. Nf3 Nc6 3. d4 cxd4 4. Nxd4 g6 5. c4 Bg7 6. Be3 Nf6 7. Nc3 O-O 8. Be2 d6 9. O-O Bd7 10. Qd2 Nxd4 11. Bxd4 Bc6 12. f3 a5 13. b3 Nd7 14. Be3 Nc5 15. Rac1 e6 16. Rfd1 Be5 17. Bf1 Qe7 18. Nb5 Rfd8 19. Bg5 f6 20. Be3 f5 21. exf5 exf5 22. Bg5 Bf6 23. Bxf6 Qxf6 24. Nc7 Ra7 25. Nd5 Bxd5 26. Qxd5+ Kg7 27. Re1 b6 28. Rcd1 Re7 29. Qc6 Rxe1 30. Rxe1 Qd4+ 31. Kh1 Qf2 32. Rd1 Kh6 33. h3 Re8 34. Qxd6 Re1 35. Rxe1 Qxe1 36. Kg1 a4 37. Qxb6 Qe3+ 38. Kh1 Qf2 39. Kh2 axb3 40. axb3 Kg5 41. Qd8+ Kh6 42. Qf8+ 1-0

[Event "January 9 Late 2024"]
[Site "https://www.chess.com"]
[Date "2024.01.09"]
[Round "5"]
[White "Bold, Andre"]
[Black "Avila Bautista, Roberto Al"]
[Result "0-1"]
[Board "113"]
[TimeControl "180+1"]
[WhiteFideId "16208471"]
[BlackFideId "5119987"]
[WhiteElo "2446"]
[BlackElo "2585"]
[WhiteTeam "GER"]
[BlackTeam "MEX"]
[WhiteClock "0:00:00"]
[BlackClock "0:00:03"]

1. d4 Nf6 2. Nf3 c5 3. c3 g6 4. e3 Bg7 5. Nbd2 O-O 6. dxc5 Qc7 7. Nb3 a5 8. a4 Na6 9. Qd4 h5 10. Be2 Ng4 11. Qc4 b6 12. h3 Nf6 13. cxb6 Qxb6 14. Qb5 Qe6 15. Nfd4 Qd6 16. Nxa5 Rb8 17. Qd3 Nc5 18. Qd1 Qb6 19. Nc4 Qa7 20. O-O d5 21. Nd2 e5 22. Nb5 Qe7 23. b4 Nce4 24. Bb2 Be6 25. a5 Nxd2 26. Qxd2 Ne4 27. Qe1 Qg5 28. Kh2 Bd7 29. Na3 f5 30. Nc2 f4 31. Bf3 Bf5 32. a6 Nf6 33. Bd1 e4 34. a7 Ra8 35. Nd4 Bc8 36. b5 Nd7 37. Ne6 Qe5 38. Nxf8 fxe3+ 39. Kg1 exf2+ 40. Qxf2 Nxf8 41. Qf7+ Kh7 42. Ra2 Qd6 43. c4 Qb6+ 44. Kh1 d4 45. c5 Qxc5 46. Ba3 Be6 47. Bxc5 Bxf7 48. Rxf7 Ne6 49. Bd6 d3 50. Rb7 e3 51. Rb8 Rxa7 52. Rxa7 e2 53. Bxe2 dxe2 54. Ra1 Bxa1 55. Bg3 Be5 0-1

[Event "January 9 Late 2024"]
[Site "https://www.chess.com"]
[Date "2024.01.09"]
[Round "5"]
[White "Mazurkiewicz, Michal"]
[Black "Yagupov, Igor"]
[Result "0-1"]
[Board "114"]
[TimeControl "180+1"]
[WhiteFideId "1124943"]
[BlackFideId "4113632"]
[WhiteElo "2446"]
[BlackElo "2578"]
[WhiteTeam "POL"]
[BlackTeam "RUS"]
[WhiteClock "0:00:00"]
[BlackClock "0:00:09"]

1. e4 c5 2. Nf3 e6 3. d3 Nc6 4. g3 Nge7 5. Bg2 g6 6. O-O Bg7 7. Re1 d6 8. c3 e5 9. h3 O-O 10. Na3 h6 11. Nc4 Be6 12. a4 Qd7 13. Kh2 f5 14. Qe2 Rae8 15. Nh4 f4 16. g4 b6 17. Bf3 Rb8 18. Rg1 Bf6 19. Ng2 Kh7 20. Ne1 a6 21. Nc2 b5 22. axb5 axb5 23. Na5 Nxa5 24. Rxa5 Nc6 25. Ra1 b4 26. Bd2 bxc3 27. bxc3 Rb2 28. Na3 Na5 29. Rgb1 Rfb8 30. Qd1 Rxb1 31. Rxb1 Rxb1 32. Qxb1 Nb3 33. Be1 Qa4 34. Nc4 Bxc4 35. dxc4 Na5 36. Qb8 Bg7 37. Qxd6 Qxc4 38. g5 Qf1 0-1

[Event "January 9 Late 2024"]
[Site "https://www.chess.com"]
[Date "2024.01.10"]
[Round "5"]
[White "Lima, Stefan Moisei VIeira"]
[Black "Rogov, Matfey"]
[Result "0-1"]
[Board "115"]
[TimeControl "180+1"]
[WhiteFideId "22782273"]
[BlackFideId "44191308"]
[WhiteElo "2446"]
[BlackElo "2577"]
[WhiteTeam "BRA"]
[BlackTeam "RUS"]
[WhiteClock "0:00:11"]
[BlackClock "0:00:54"]

1. c4 e5 2. g3 Nf6 3. Nc3 c6 4. d4 e4 5. d5 Bc5 6. Bg2 Qe7 7. Nh3 d6 8. O-O h6 9. Kh1 O-O 10. a3 a5 11. Rb1 Bf5 12. b4 axb4 13. axb4 Ba7 14. Be3 Nbd7 15. Bxa7 Rxa7 16. Rb2 Qe5 17. Qd2 Ng4 18. Ng1 Nb6 19. Qf4 Qxf4 20. gxf4 Nxc4 21. Ra2 Rxa2 22. Nxa2 e3 23. fxe3 Ncxe3 24. Rc1 Nf2# 0-1

[Event "January 9 Late 2024"]
[Site "https://www.chess.com"]
[Date "2024.01.09"]
[Round "5"]
[White "Andrews, Todd"]
[Black "Pham, Le Thao Nguyen"]
[Result "1/2-1/2"]
[Board "116"]
[TimeControl "180+1"]
[WhiteFideId "2012456"]
[BlackFideId "12401226"]
[WhiteElo "2444"]
[BlackElo "2574"]
[WhiteTeam "USA"]
[BlackTeam "VIE"]
[WhiteClock "0:00:06"]
[BlackClock "0:00:08"]

1. d4 Nf6 2. c4 c6 3. Nf3 d5 4. e3 Bg4 5. Nc3 e6 6. h3 Bh5 7. g4 Bg6 8. Qb3 Qb6 9. Ne5 Nbd7 10. Nxg6 hxg6 11. g5 Qxb3 12. axb3 Ng8 13. f4 Ne7 14. Kf2 Nf5 15. Bd2 a6 16. c5 Rc8 17. b4 Be7 18. Bd3 f6 19. Bxf5 exf5 20. h4 Kf7 21. Ne2 Rce8 22. Rag1 Bd8 23. Ng3 Reg8 24. Kf3 Nf8 25. Ne2 Rh7 26. Nc1 Rgh8 27. Be1 Ne6 28. Nd3 Rh5 29. Bf2 Nf8 30. Rh2 Ke6 31. Rhg2 Kf7 32. Be1 Bc7 33. Bf2 Bd8 34. Be1 Bc7 35. Bf2 R5h7 36. Be1 fxg5 37. fxg5 Ke6 38. Rh1 Kf7 39. Bg3 Bxg3 40. Kxg3 Nd7 41. Nf4 Re8 42. h5 Rxh5 43. Nxh5 gxh5 44. Kf2 g6 45. Rf1 Ke6 46. Ke2 Nf8 47. Kd3 Kd7 48. b5 cxb5 49. Rc2 Ne6 50. Rg2 Rc8 51. b4 Kc6 52. Ra1 Rh8 53. Rh1 Rf8 54. Rf1 Rh8 55. Rh1 Ra8 56. Ra1 Re8 57. Rf1 Rh8 58. Rh1 1/2-1/2

[Event "January 9 Late 2024"]
[Site "https://www.chess.com"]
[Date "2024.01.09"]
[Round "5"]
[White "Tulchynskyi, Feliks"]
[Black "Alvarado, Carlos"]
[Result "1-0"]
[Board "117"]
[TimeControl "180+1"]
[WhiteFideId "34127895"]
[BlackFideId "3800555"]
[WhiteElo "2571"]
[BlackElo "2421"]
[WhiteTeam "UKR"]
[BlackTeam "PER"]
[WhiteClock "0:00:14"]
[BlackClock "0:01:11"]

1. Nf3 d5 2. g3 Nf6 3. Bg2 c6 4. O-O Bf5 5. d4 e6 6. c4 h6 7. b3 Be7 8. Bb2 Nbd7 9. Nbd2 O-O 10. Re1 a5 11. Nh4 Bh7 12. a4 Ne8 13. Nhf3 Nb8 14. e4 Na6 15. Ne5 Nec7 16. f3 Nb4 17. Re3 Bf6 18. f4 Bxe5 19. fxe5 Qg5 20. Rc3 Rad8 21. h4 Qe7 22. Re3 Rd7 23. Rc1 Rfd8 24. Qg4 dxe4 25. Nxe4 Kh8 26. Rf1 Bf5 27. Qh5 Rxd4 28. Bxd4 Rxd4 29. Ng5 Bg6 30. Nxf7+ Bxf7 31. Rxf7 Qc5 32. Kh2 Rd8 33. Ref3 Ne8 34. Rf8+ Kh7 35. Rxe8 Rxe8 36. Qxe8 Qxe5 37. Rf8 1-0

[Event "January 9 Late 2024"]
[Site "https://www.chess.com"]
[Date "2024.01.09"]
[Round "5"]
[White "Ambartsumova, Karina"]
[Black "Jarocka, Liwia"]
[Result "1-0"]
[Board "118"]
[TimeControl "180+1"]
[WhiteFideId "4166299"]
[BlackFideId "21807558"]
[WhiteElo "2571"]
[BlackElo "2418"]
[WhiteTeam "RUS"]
[BlackTeam "POL"]
[WhiteClock "0:00:18"]
[BlackClock "0:00:39"]

1. d4 c6 2. c4 d5 3. Nf3 Nf6 4. g3 e6 5. Bg2 Bb4+ 6. Nc3 dxc4 7. Ne5 O-O 8. O-O Nd5 9. Bd2 Bxc3 10. bxc3 b5 11. e4 Nb6 12. f4 Bb7 13. f5 exf5 14. Rxf5 N8d7 15. Ng4 Rc8 16. e5 Nd5 17. Be4 g6 18. Rf2 c5 19. Qf3 cxd4 20. Bxd5 Bxd5 21. Qxd5 dxc3 22. Bxc3 Qg5 23. Qxd7 Rcd8 24. Bd2 Qf5 25. Nh6+ Kh8 26. Qxd8 Qxf2+ 27. Kxf2 Rxd8 28. Nxf7+ 1-0

[Event "January 9 Late 2024"]
[Site "https://www.chess.com"]
[Date "2024.01.10"]
[Round "5"]
[White "Olsson, William"]
[Black "Ozen, Metehan"]
[Result "1/2-1/2"]
[Board "119"]
[TimeControl "180+1"]
[WhiteFideId "1741721"]
[BlackFideId "34596054"]
[WhiteElo "2568"]
[BlackElo "2417"]
[WhiteTeam "SWE"]
[BlackTeam "TUR"]
[WhiteClock "0:00:12"]
[BlackClock "0:00:04"]

1. c4 e5 2. g3 Nc6 3. Nc3 Bb4 4. Nd5 Nf6 5. Bg2 O-O 6. a3 Bd6 7. b4 Nxd5 8. cxd5 Ne7 9. Bb2 c6 10. dxc6 dxc6 11. d4 exd4 12. Qxd4 Nf5 13. Qc3 Be7 14. Rd1 Bf6 15. Qc2 Qe7 16. Nf3 Bxb2 17. Qxb2 Be6 18. O-O Bd5 19. Rfe1 Be4 20. Bh3 Rfd8 21. Nd2 a6 22. f3 Ne3 23. fxe4 Nxd1 24. Rxd1 a5 25. Rf1 axb4 26. axb4 Ra4 27. Rb1 b5 28. Bg2 Qa7+ 29. Kh1 Ra2 30. Qc3 Raxd2 31. Qf3 Rd1+ 32. Rxd1 Rxd1+ 33. Bf1 h6 34. Kg2 Qd4 35. Qf5 Qxb4 36. Qc8+ Qf8 37. Qxc6 b4 38. e3 Qd8 39. Bc4 Rd6 40. Qb7 Rf6 41. Qxb4 Rd6 42. Bd5 Rxd5 43. exd5 Qxd5+ 44. e4 Qe5 45. Kf3 g6 46. Qd2 Qf6+ 47. Ke2 Kg7 48. Qd5 h5 49. Ke3 Qc3+ 50. Kf2 Qb2+ 51. Kg1 Qc1+ 52. Kg2 Qb2+ 53. Kh3 Qf6 54. Kg2 Qb2+ 55. Kg1 Qf6 56. e5 Qf5 57. Qd4 Kh7 58. Kg2 Qc2+ 59. Kf3 Qf5+ 60. Qf4 Qd3+ 61. Kf2 Qc2+ 62. Ke3 Qc3+ 63. Ke2 Qb2+ 64. Kd3 Qb3+ 65. Kd4 Qb4+ 66. Kd5 Qb5+ 67. Kd6 Kg8 68. Qf6 Qb6+ 69. Kd5 Qb5+ 70. Ke4 Qc4+ 71. Kf3 Qd5+ 72. Kf4 Qd2+ 73. Ke4 Qxh2 74. Qd8+ Kg7 75. Qf6+ Kg8 76. Qd8+ Kg7 77. Qf6+ Kg8 1/2-1/2

[Event "January 9 Late 2024"]
[Site "https://www.chess.com"]
[Date "2024.01.09"]
[Round "5"]
[White "Asish Panda"]
[Black "Marchesich, Giovanni"]
[Result "1-0"]
[Board "120"]
[TimeControl "180+1"]
[WhiteFideId "45012458"]
[BlackFideId "2824790"]
[WhiteElo "2568"]
[BlackElo "2413"]
[WhiteTeam "IND"]
[BlackTeam "ITA"]
[WhiteClock "0:01:00"]
[BlackClock "0:00:58"]

1. e4 g6 2. g3 Bg7 3. Bg2 c5 4. Ne2 Nc6 5. O-O e5 6. c3 d6 7. Na3 Nge7 8. Nc2 O-O 9. d4 cxd4 10. cxd4 Bg4 11. d5 Nd4 12. Ncxd4 exd4 13. f3 Qb6 14. fxg4 d3+ 15. Kh1 dxe2 16. Qxe2 Rac8 17. Bg5 Rfe8 18. Qf3 Qxb2 19. Qxf7+ Kh8 20. Rab1 Qe5 21. Rxb7 Ng8 22. Bf6 1-0

[Event "January 9 Late 2024"]
[Site "https://www.chess.com"]
[Date "2024.01.09"]
[Round "5"]
[White "Avalos Parra, Joao"]
[Black "Hajiyev, Kanan"]
[Result "1-0"]
[Board "121"]
[TimeControl "180+1"]
[WhiteFideId "3402541"]
[BlackFideId "13404148"]
[WhiteElo "2405"]
[BlackElo "2561"]
[WhiteTeam "CHI"]
[BlackTeam "AZE"]
[WhiteClock "0:00:18"]
[BlackClock "0:00:03"]

1. d4 d5 2. c4 c6 3. Nf3 Nf6 4. Nc3 a6 5. c5 Nbd7 6. Bf4 Nh5 7. Be5 f6 8. Bg3 e5 9. e3 e4 10. Nd2 g6 11. Bh4 Be7 12. Be2 Ng7 13. g4 O-O 14. Qb3 Kh8 15. Bg3 b6 16. cxb6 Qxb6 17. Rc1 Qxb3 18. Nxb3 a5 19. Na4 Bb4+ 20. Kf1 Bb7 21. a3 Be7 22. Kg2 Ne6 23. h4 h6 24. Rc2 Kg7 25. Rhc1 Rfc8 26. f3 f5 27. h5 exf3+ 28. Bxf3 Rf8 29. hxg6 Kxg6 30. gxf5+ Rxf5 31. Bg4 Rf6 32. Bh4 Rg8 33. Bxf6 Kxf6 34. Rf1+ Kg6 35. Bxe6 Rd8 36. Rf7 Ba6 37. Rxe7 Nf6 38. Nac5 Bb5 39. Rf2 Ne4 40. Nxe4 dxe4 41. Bf7+ Kg7 42. Nc5 Bc4 43. Ne6+ Bxe6 44. Bxe6+ Kg6 45. Bf7+ Kg5 46. Bc4 Rd6 47. Rg7+ Kh5 48. Bf7+ Kh4 49. Rf4# 1-0

[Event "January 9 Late 2024"]
[Site "https://www.chess.com"]
[Date "2024.01.09"]
[Round "5"]
[White "Lin, Bryan Enming"]
[Black "Figorito, Nick"]
[Result "1-0"]
[Board "122"]
[TimeControl "180+1"]
[WhiteFideId "30987121"]
[BlackFideId "30923689"]
[WhiteElo "2560"]
[BlackElo "2408"]
[WhiteTeam "USA"]
[BlackTeam "USA"]
[WhiteClock "0:00:55"]
[BlackClock "0:00:04"]

1. e4 e6 2. d4 d5 3. Nd2 Nf6 4. e5 Nfd7 5. f4 c5 6. c3 Nc6 7. Ndf3 Be7 8. Bd3 Qb6 9. Ne2 a5 10. a4 g6 11. b3 cxd4 12. cxd4 Nb4 13. Bb5 h5 14. Be3 Kf8 15. Kf2 Nb8 16. g3 Bd7 17. Nc3 Bxb5 18. Nxb5 N8c6 19. h3 Rc8 20. Rc1 Kg7 21. g4 hxg4 22. hxg4 Rxh1 23. Qxh1 Nd3+ 24. Kg3 Nxc1 25. f5 exf5 26. gxf5 Ne2+ 27. Kf2 Rh8 28. f6+ Kg8 29. fxe7 Nxe7 30. Qd1 Nf5 31. Qxe2 Nxe3 32. Qxe3 Qc6 33. Qc3 Qxc3 34. Nxc3 Kg7 35. Nxd5 Rc8 36. Nb6 Rc3 37. Nd2 Rd3 38. Ke2 Rxd4 39. Ndc4 Rh4 40. Nxa5 Re4+ 41. Kd3 Rxe5 42. Nxb7 g5 43. a5 g4 44. Nc4 Rb5 45. a6 Rxb3+ 46. Ke2 g3 47. a7 g2 48. Kf2 Rg3 49. Kg1 Rc3 50. a8=Q Rxc4 51. Kxg2 Rg4+ 52. Kf3 Rg6 53. Nd8 Rf6+ 54. Ke4 Rg6 55. Qa1+ Kh7 56. Nxf7 Kg8 57. Ne5 Re6 58. Qa2 Kg7 59. Qxe6 Kh7 60. Qf7+ Kh8 61. Ng6# 1-0

[Event "January 9 Late 2024"]
[Site "https://www.chess.com"]
[Date "2024.01.09"]
[Round "5"]
[White "Cruz Mendez, Jean Marco"]
[Black "Haszon, David"]
[Result "1-0"]
[Board "123"]
[TimeControl "180+1"]
[WhiteFideId "3526402"]
[BlackFideId "733610"]
[WhiteElo "2560"]
[BlackElo "2403"]
[WhiteTeam "CUB"]
[BlackTeam "HUN"]
[WhiteClock "0:02:23"]
[BlackClock "0:01:26"]

1. e4 e5 2. Nf3 Nf6 3. d4 Nxe4 4. dxe5 d5 5. Bd3 Nc5 6. O-O Nxd3 7. Qxd3 Be7 8. Be3 Be6 9. c3 O-O 10. Nbd2 Nd7 11. h3 c6 12. Rfe1 Qc7 13. Rad1 Rae8 14. Bf4 Qb6 15. Qc2 a5 16. Nf1 Ra8 17. Ng3 a4 18. Bg5 Bxg5 19. Nxg5 h6 20. Qh7# 1-0

[Event "January 9 Late 2024"]
[Site "https://www.chess.com"]
[Date "2024.01.09"]
[Round "5"]
[White "Paragua, Megan Althea"]
[Black "Baltag, Iulian"]
[Result "0-1"]
[Board "124"]
[TimeControl "180+1"]
[WhiteFideId "30973007"]
[BlackFideId "13901419"]
[WhiteElo "2398"]
[BlackElo "2557"]
[WhiteTeam "USA"]
[BlackTeam "MDA"]
[WhiteClock "0:00:03"]
[BlackClock "0:01:15"]

1. e4 c5 2. Nf3 d6 3. d4 cxd4 4. Qxd4 a6 5. c4 Nc6 6. Qd1 g6 7. Be2 Bg7 8. O-O Nf6 9. Nc3 Nd7 10. Qc2 O-O 11. a3 b6 12. Be3 Bb7 13. b4 Rc8 14. Rad1 Nce5 15. Nxe5 Nxe5 16. Na4 Nxc4 17. Bxc4 b5 18. Nb2 bxc4 19. Nxc4 Qc7 20. Rc1 d5 21. Bb6 Qxc4 22. Qd2 Qb5 23. Bc5 dxe4 24. Qe3 Rfe8 25. Rfd1 Bf6 26. g3 Red8 27. Re1 Qd3 28. Qf4 e3 29. Bxe3 Qd5 30. f3 Bg5 31. Qxg5 Qxf3 32. Rxc8 Qg2# 0-1

[Event "January 9 Late 2024"]
[Site "https://www.chess.com"]
[Date "2024.01.09"]
[Round "5"]
[White "Bogaudinov, Rushan"]
[Black "Carnicelli, Valerio"]
[Result "1-0"]
[Board "125"]
[TimeControl "180+1"]
[WhiteFideId "4129288"]
[BlackFideId "856185"]
[WhiteElo "2395"]
[BlackElo "2557"]
[WhiteTeam "RUS"]
[BlackTeam "ITA"]
[WhiteClock "0:00:18"]
[BlackClock "0:00:00"]

1. d4 e6 2. Nf3 Nf6 3. g3 c5 4. c3 Nc6 5. Bg2 d5 6. O-O Be7 7. dxc5 Bxc5 8. b4 Be7 9. a3 O-O 10. Bb2 a5 11. Nbd2 axb4 12. cxb4 b5 13. Rc1 Bb7 14. Nb3 Qb6 15. Nfd4 Ne5 16. Nf5 exf5 17. Bxe5 Rxa3 18. Nc5 Re8 19. Qd4 Bc8 20. e3 h6 21. h4 Be6 22. Nxe6 Qxe6 23. Bxf6 Bxf6 24. Qxd5 Qxd5 25. Bxd5 Rd8 26. Bc6 Rb8 27. Rc5 Rb3 28. Bxb5 Rxb4 29. Bc4 g6 30. h5 Kg7 31. Rd1 Rb1 32. Rxb1 Rxb1+ 33. Kg2 Rc1 34. Rc7 Be7 35. hxg6 Bd6 36. Rxf7+ Kxg6 37. Be6 Bc5 38. Rxf5 Rc2 39. Rf3 Kg7 40. Bf5 Rb2 41. g4 Be7 42. Rh3 Bg5 43. Kf3 Kf6 44. Rh1 Ke5 45. Rd1 Bh4 46. Rf1 Bg5 47. Kg3 Be7 48. f4+ Kf6 49. Kf3 Bc5 50. Rc1 Ba7 51. Rc6+ Ke7 52. Rc7+ 1-0

[Event "January 9 Late 2024"]
[Site "https://www.chess.com"]
[Date "2024.01.09"]
[Round "5"]
[White "Erzhanov, Arman"]
[Black "Prieto Aranguren, Alain"]
[Result "1-0"]
[Board "126"]
[TimeControl "180+1"]
[WhiteFideId "4138821"]
[BlackFideId "2268906"]
[WhiteElo "2554"]
[BlackElo "2390"]
[WhiteTeam "KAZ"]
[BlackTeam "ESP"]
[WhiteClock "0:01:40"]
[BlackClock "0:01:10"]

1. e4 c6 2. d4 d5 3. exd5 cxd5 4. Bd3 Nc6 5. c3 Qc7 6. h3 g6 7. Nf3 Bf5 8. Be2 Nf6 9. O-O e6 10. Be3 Bd6 11. Nbd2 O-O-O 12. Re1 Rdg8 13. c4 h6 14. cxd5 Nxd5 15. Rc1 g5 16. Ne5 Bxe5 17. dxe5 h5 18. Nc4 g4 19. Nd6+ Kb8 20. Nxf5 exf5 21. Qxd5 gxh3 22. g3 h4 23. Bf4 hxg3 24. fxg3 Rh4 25. Kh1 Rxf4 26. gxf4 h2 27. Qd6 Qxd6 28. exd6 Nd4 29. d7 1-0

[Event "January 9 Late 2024"]
[Site "https://www.chess.com"]
[Date "2024.01.09"]
[Round "5"]
[White "Hoffmann, Asa"]
[Black "Maltsevskaya, Aleksandra"]
[Result "0-1"]
[Board "127"]
[TimeControl "180+1"]
[WhiteFideId "2001470"]
[BlackFideId "24174041"]
[WhiteElo "2382"]
[BlackElo "2553"]
[WhiteTeam "USA"]
[BlackTeam "POL"]
[WhiteClock "0:00:05"]
[BlackClock "0:00:12"]

1. d4 Nf6 2. Bg5 Ne4 3. Bf4 d5 4. f3 Nd6 5. Nc3 c6 6. e4 g6 7. Qd2 Bg7 8. O-O-O Qa5 9. Kb1 b5 10. exd5 O-O 11. dxc6 Nxc6 12. Nxb5 Qb6 13. Nxd6 exd6 14. c3 Be6 15. Bd3 Na5 16. Ne2 Rab8 17. Nc1 Bc4 18. b4 Bxd3+ 19. Qxd3 Rfc8 20. Rhe1 Nc4 21. Re2 a5 22. Nb3 axb4 23. cxb4 Qxb4 24. Bc1 Na3+ 25. Bxa3 Qxa3 26. Rb2 Ra8 27. Rc1 Rxc1+ 28. Nxc1 Qa4 29. Nb3 Re8 30. Re2 Rb8 31. Kb2 Bxd4+ 32. Kb1 Bg7 33. Rc2 Re8 34. Rc1 Qa3 35. Qc2 h5 36. h4 Kh7 37. f4 Re3 38. g3 Rxg3 39. f5 Rc3 40. fxg6+ fxg6 41. Qb2 Rxc1+ 42. Qxc1 Qb4 43. Qc2 Qxh4 44. Qd3 Qe1+ 45. Kc2 Qf2+ 46. Kd1 Qxa2 47. Nc1 Qa1 48. Kc2 Qd4 49. Ne2 Qxd3+ 50. Kxd3 g5 51. Ng3 Kg6 52. Ke4 Be5 53. Nf1 h4 54. Ne3 Kh5 55. Nf5 h3 56. Kf3 g4+ 57. Kf2 Kg5 58. Ne3 Bd4 59. Kg3 Bxe3 60. Kh2 Bf4+ 61. Kg1 d5 62. Kf2 g3+ 63. Kf3 h2 64. Kg2 Kg4 65. Kh1 d4 66. Kg2 d3 67. Kf1 Kf3 68. Ke1 h1=Q# 0-1